 Dungeon Crawl Stone Soup version 0.21.1-1-g345015f (webtiles) character file.

788 Fang the Skirmisher (level 7, -7/66 HPs)
             Began as a Gargoyle Berserker on May 5, 2018.
             Was a Priest of Trog.
             Mangled by Prince Ribbit (9 damage)
             ... on level 5 of the Dungeon.
             The game lasted 00:08:06 (3233 turns).

Fang the Skirmisher (Gargoyle Berserker)            Turns: 3233, Time: 00:08:08

Health: -7/66      AC:  7    Str: 28    XL:     7   Next: 87%
Magic:  7/7        EV: 13    Int:  7    God:    Trog [***...]
Gold:   202        SH:  0    Dex:  9    Spells: 6/6 levels left

rFire    + . .     SeeInvis .   o - +1 scythe (slice)
rCold    . . .     Gourm    .   (shield currently unavailable)
rNeg     + . .     Faith    .   b - +0 animal skin
rPois    ∞         Spirit   .   (no helmet)
rElec    +         Reflect  .   (no cloak)
rCorr    .         Harm     .   (no gloves)
MR       .....                  (no boots)
Stlth    ..........             (no amulet)
HPRegen  0.21/turn              l - ring of protection from fire
MPRegen  0.10/turn              (no ring)

@: berserking (expiring), very quick
A: negative energy resistance 1, electricity resistance, unbreathing,
petrification resistance, rot immunity, AC +4
a: Berserk, Trog's Hand, Burn Spellbooks, Renounce Religion


You were on level 5 of the Dungeon.
You worshipped Trog.
Trog was most pleased with you.
You were not hungry.

You visited 1 branch of the dungeon, and saw 5 of its levels.

You collected 202 gold pieces.

Inventory:

Hand Weapons
 a - a +0 hand axe
 n - a +0 falchion of protection
 o - a +1 scythe of slicing (weapon)
Armour
 b - a +0 animal skin (worn)
Jewellery
 l - a ring of protection from fire (left hand)
Scrolls
 h - a scroll of identify
Potions
 d - a potion of might
 e - a potion of curing
 f - a potion of ambrosia {unknown}
 g - a potion of berserk rage
 i - 3 potions of lignification {unknown}
Comestibles
 c - 3 rations


   Skills:
 + Level 5.2 Fighting
 + Level 2.1 Long Blades
 + Level 4.7(5.1) Axes
 + Level 2.7(4.1) Polearms
 + Level 2.3 Armour
 + Level 3.5 Dodging
 + Level 2.3 Stealth


You had 6 spell levels left.
You didn't know any spells.

Dungeon Overview and Level Annotations

Branches:
Dungeon (5/15)             Temple (0/1) D:5

Altars:
Ashenzari
Elyvilon
Fedhas
Okawaru
The Shining One

Annotations:
D:5 Prince Ribbit


Innate Abilities, Weirdness & Mutations

You are resistant to torment.
Your stone body is resilient. (AC +4)
You are immune to poison.
You resist negative energy. (rN+)
You are resistant to electric shocks. (rElec)
You can survive without breathing.
You are immune to petrification.
You are immune to rotting.


Message History

Prince Ribbit hits you.
* * * LOW HITPOINT WARNING * * *
Prince Ribbit misses you.
You barely miss Prince Ribbit.
Prince Ribbit is moderately wounded.
Prince Ribbit misses you. Prince Ribbit hits you!
* * * LOW HITPOINT WARNING * * *
You miss Prince Ribbit.
Prince Ribbit is moderately wounded.
Prince Ribbit misses you. x2
You hit Prince Ribbit.
Prince Ribbit is heavily wounded.
Prince Ribbit closely misses you.
You miss Prince Ribbit.
Prince Ribbit is heavily wounded.
Prince Ribbit misses you. Prince Ribbit closely misses you.
You closely miss Prince Ribbit.
Prince Ribbit is heavily wounded.
Prince Ribbit closely misses you. Prince Ribbit hits you!
You die...

#########
......F@#
.######.#
#.# #.#
#.# #.#
#># ##.#
#..#


You could see Prince Ribbit.

Vanquished Creatures
  Sigmund (D:3)
  Eustachio (D:5)
  A sky beast (D:3)
  A scorpion (D:5)
  A howler monkey (D:4)
  A hound (D:4)
  3 worker ants
  9 adders
  An adder skeleton (D:4)
  2 worms (D:2)
  2 dart slugs
  3 leopard geckos
  21 orcs
  3 ball pythons
  A giant cockroach (D:2)
  10 goblins
  3 hobgoblins
  7 jackals
  4 quokkas
  5 bats
  3 frilled lizards
  2 kobolds
  A leopard gecko skeleton (D:5)
  6 rats
92 creatures vanquished.

Notes
Turn   | Place    | Note
-------+----------+-------------------------------------------
     0 | D:1      | Fang the Gargoyle Berserker began the quest for the Orb.
     0 | D:1      | Reached XP level 1. HP: 14/14 MP: 1/1
    18 | D:1      | Reached XP level 2. HP: 19/19 MP: 2/2
   291 | D:1      | Reached XP level 3. HP: 19/24 MP: 3/3
   449 | D:1      | Reached ** piety under Trog
   854 | D:2      | Reached skill level 4 in Fighting
   854 | D:2      | Reached XP level 4. HP: 12/29 MP: 4/4
  1509 | D:2      | Found a glowing golden altar of the Shining One.
  2021 | D:3      | Noticed a sky beast
  2030 | D:3      | Reached XP level 5. HP: 25/33 MP: 5/5
  2050 | D:3      | Killed a sky beast
  2262 | D:3      | Reached skill level 1 in Stealth
  2262 | D:3      | Reached XP level 6. HP: 34/39 MP: 6/6
  2324 | D:3      | Found a shattered altar of Ashenzari.
  2325 | D:3      | Noticed Sigmund
  2357 | D:3      | Reached *** piety under Trog
  2504 | D:3      | Killed Sigmund
  2504 | D:3      | Reached skill level 1 in Long Blades
  2638 | D:4      | Reached XP level 7. HP: 44/44 MP: 7/7
  2661 | D:4      | Found a blossoming altar of Fedhas.
  2806 | D:4      | Reached skill level 5 in Fighting
  2812 | D:4      | Reached skill level 1 in Polearms
  2863 | D:4      | Found a white marble altar of Elyvilon.
  3015 | D:5      | Entered Level 5 of the Dungeon
  3089 | D:5      | Noticed Eustachio
  3103 | D:5      | Killed Eustachio
  3112 | D:5      | Found an iron altar of Okawaru.
  3163 | D:5      | Found a staircase to the Ecumenical Temple.
  3223 | D:5      | Noticed Prince Ribbit
  3229 | D:5      | HP: 1/66 [Prince Ribbit (16)]
  3233 | D:5      | Mangled by Prince Ribbit

Skill      XL: |  1  2  3  4  5  6  7 |
---------------+----------------------+-----
Axes           | 3 4 |  4.7
Dodging        | 2 3 |  3.5
Fighting       | 4 5 |  5.2
Stealth        | 1 2 |  2.3
Long Blades    | 1 2 |  2.1
Polearms       | 2 |  2.7
Armour         | |  2.3

Action                   |  1- 3 |  4- 6 |  7- 9 || total
-------------------------+-------+-------+-------++-------
Melee: Hand axe          |    94 |   122 |       ||   216
       Falchion          |       |    48 |       ||    48
       Scythe            |       |     7 |    57 ||    64
Invok: Berserk           |     1 |     2 |     2 ||     5
  Use: Scroll            |       |     4 |     9 ||    13
 Stab: Sleeping          |       |     1 |     3 ||     4
       Distracted        |       |     1 |       ||     1
  Eat: Chunk             |       |     9 |       ||     9
       Ration            |       |       |     1 ||     1
Armor: Animal skin       |    43 |    70 |    36 ||   149
Dodge: Dodged            |    91 |   139 |    85 ||   315
       Rpst.: Falchion   |       |    19 |       ||    19
